PAAA
SALT LAKE CITY BUZZ @ JERSEY CITY TRITONS
08/09/2029
 
TOP OF THE 1ST
Salt Lake City Buzz batting - Pitching for Jersey City Tritons : RHP António Alomar
Pitching: RHP António Alomar
Batting: RHB Alejandro Herrera 0-0: Foul Ball, location: 2F
0-1: Called Strike
0-2: Ground out U3 (Groundball, 34)
Batting: RHB Jung-hwan Kwon 0-0: Swinging Strike
0-1: Ball
1-1: Foul Ball, location: 2F
1-2: Ball
2-2: Fly out, F8 (Flyball, 8RXD)
Batting: SHB Félix Medina 0-0: Called Strike
0-1: Ball
1-1: Ball
2-1: Reached on error, E6 (Groundball, 6)
Batting: LHB Tim Waters 0-0: Ball
1-0: Foul Ball, location: 2F
1-1: Ball
2-1: Ball
3-1: Base on Balls
Félix Medina to second
Batting: LHB Yannick Hendriksen 0-0: Called Strike
0-1: Ball
1-1: Called Strike
1-2: Strikes out looking
Top of the 1st over - 0 runs, 0 hits, 1 error, 2 left on base; Salt Lake City 0 - Jersey City 0
BOTTOM OF THE 1ST
Jersey City Tritons batting - Pitching for Salt Lake City Buzz : RHP Caleb Sobieski
Pitching: RHP Caleb Sobieski
Batting: LHB Dana Waldrip 0-0: Ball
1-0: Foul Ball, location: 2F
1-1: Called Strike
1-2: Fly out, F9 (Line Drive, 9D)
Batting: RHB Zahid Kashani 0-0: Fly out, F8 (Flyball, 78XD)
Batting: LHB Chia-ch'ing Dodman 0-0: Ball
1-0: Ball
2-0: Called Strike
2-1: Foul Ball, location: 2F
2-2: Foul Ball, location: 2F
2-2: Ball
3-2: Fly out, F8 (Flyball, 8RM)
Bottom of the 1st over - 0 runs, 0 hits, 0 errors, 0 left on base; Salt Lake City 0 - Jersey City 0
TOP OF THE 2ND
Salt Lake City Buzz batting - Pitching for Jersey City Tritons : RHP António Alomar
Batting: LHB Roberto Soto 0-0: Swinging Strike
0-1: SOLO HOME RUN (Flyball, 9LD), Distance : 355 ft
Batting: RHB Vicente Cruz 0-0: Ball
1-0: Foul Ball, location: 2F
1-1: SINGLE (Groundball, 6D)
Batting: LHB Mike Gillespie 0-0: Ball
1-0: Ball
2-0: Ball
3-0: Called Strike
3-1: Fly out, F7 (Flyball, 78S)
Batting: RHB Ethan Miller 0-0: Ball
1-0: Called Strike
1-1: Called Strike
1-2: Foul Ball, location: 2F
1-2: Strikes out swinging
Batting: RHB Alejandro Herrera 0-0: Swinging Strike
0-1: SINGLE (Line Drive, 3D)
Vicente Cruz to second
Runner from 2nd tries for 3rd, SAFE, no throw
Batting: RHB Jung-hwan Kwon 0-0: Ball
1-0: Fly out, F2 (Popup, 13S)
Top of the 2nd over - 1 run, 3 hits, 0 errors, 2 left on base; Salt Lake City 1 - Jersey City 0
BOTTOM OF THE 2ND
Jersey City Tritons batting - Pitching for Salt Lake City Buzz : RHP Caleb Sobieski
Batting: RHB Ju-chan Pak 0-0: Ball
1-0: Foul Ball, location: 2F
1-1: Fly out, F9 (Flyball, 89S)
Batting: RHB Dave Yates 0-0: Ball
1-0: Ball
2-0: Ball
3-0: Base on Balls
Batting: RHB Vincent Vega 0-0: Ball
1-0: Ball
2-0: Ball
3-0: Called Strike
3-1: Base on Balls
Dave Yates to second
Batting: SHB Ludovic Michel 0-0: Ball
1-0: Ball
2-0: Swinging Strike
2-1: Swinging Strike
2-2: Fly out, F8 (Line Drive, 8LM)
Runner from 2nd tags up, SAFE at 3rd with throw
Batting: LHB Munemori Ohara 0-0: 3-RUN HOME RUN (Flyball, 9D), Distance : 381 ft
Batting: RHB Edgar Baeza 0-0: Ball
1-0: SINGLE (Line Drive, 56)
Batting: LHB Dana Waldrip 0-0: Foul Ball, location: 2F
0-1: Foul Ball, location: 2F
0-2: Ball
1-2: Fielders Choice at 2nd, 5-4 (Groundball, 56)
Bottom of the 2nd over - 3 runs, 2 hits, 0 errors, 1 left on base; Salt Lake City 1 - Jersey City 3
TOP OF THE 3RD
Salt Lake City Buzz batting - Pitching for Jersey City Tritons : RHP António Alomar
Batting: SHB Félix Medina 0-0: Ball
1-0: Ball
2-0: SINGLE (Line Drive, 6MD)
Batting: LHB Tim Waters 0-0: Called Strike
0-1: Ball
1-1: Ball
2-1: Swinging Strike
2-2: Ball
3-2: Strikes out swinging
Félix Medina is caught stealing 2nd base
Batter strikes out.
Batting: LHB Yannick Hendriksen 0-0: Called Strike
0-1: Ball
1-1: Foul Ball, location: 2F
1-2: Strikes out swinging
Top of the 3rd over - 0 runs, 1 hit, 0 errors, 0 left on base; Salt Lake City 1 - Jersey City 3
BOTTOM OF THE 3RD
Jersey City Tritons batting - Pitching for Salt Lake City Buzz : RHP Caleb Sobieski
Batting: RHB Zahid Kashani 0-0: SINGLE (Flyball, 89S)
Batting: LHB Chia-ch'ing Dodman 0-0: Called Strike
0-1: Fly out, F8 (Flyball, 8RD)
Batting: RHB Ju-chan Pak 0-0: Ball
1-0: Fly out, F7 (Flyball, 7S)
Batting: RHB Dave Yates 0-0: Ball
1-0: 2-RUN HOME RUN (Flyball, 78XD), Distance : 422 ft
Batting: RHB Vincent Vega 0-0: Ball
1-0: Called Strike
1-1: Called Strike
1-2: Foul Ball, location: 2F
1-2: Fly out, F7 (Flyball, 7S)
Bottom of the 3rd over - 2 runs, 2 hits, 0 errors, 0 left on base; Salt Lake City 1 - Jersey City 5
TOP OF THE 4TH
Salt Lake City Buzz batting - Pitching for Jersey City Tritons : RHP António Alomar
Batting: LHB Roberto Soto 0-0: Swinging Strike
0-1: Called Strike
0-2: Ground out 3-1 (Groundball, 34)
Batting: RHB Vicente Cruz 0-0: Ball
1-0: Ball
2-0: Foul Ball, location: 2F
2-1: Called Strike
2-2: Ball
3-2: Base on Balls
Batting: LHB Mike Gillespie 0-0: Ball
1-0: Ball
2-0: Foul Ball, location: 2F
2-1: Foul Ball, location: 2F
2-2: Ball
3-2: Base on Balls
Vicente Cruz to second
Batting: RHB Ethan Miller 0-0: Ball
1-0: Foul Ball, location: 2F
1-1: Called Strike
1-2: Foul Ball, location: 2F
1-2: Ball
2-2: Ball
3-2: Foul Ball, location: 2F
3-2: Grounds into double play, 6-4-3 (Groundball, 6)
Top of the 4th over - 0 runs, 0 hits, 0 errors, 1 left on base; Salt Lake City 1 - Jersey City 5
BOTTOM OF THE 4TH
Jersey City Tritons batting - Pitching for Salt Lake City Buzz : RHP Caleb Sobieski
Batting: SHB Ludovic Michel 0-0: Called Strike
0-1: Ball
1-1: Foul Ball, location: 2F
1-2: Ball
2-2: Ball
3-2: Foul Ball, location: 2F
3-2: Base on Balls
Batting: LHB Munemori Ohara 0-0: Ball
1-0: Ball
2-0: Ball
3-0: Base on Balls
Ludovic Michel to second
Batting: RHB Edgar Baeza 0-0: Called Strike
0-1: Ball
1-1: Called Strike
1-2: Strikes out looking
Batting: LHB Dana Waldrip 0-0: Ball
1-0: Ball
2-0: Ball
3-0: Base on Balls
Ludovic Michel to third
Munemori Ohara to second
Batting: RHB Zahid Kashani 0-0: Ball
1-0: Called Strike
1-1: Grounds into double play, 6-4-3 (Groundball, 6M)
Bottom of the 4th over - 0 runs, 0 hits, 0 errors, 2 left on base; Salt Lake City 1 - Jersey City 5
TOP OF THE 5TH
Salt Lake City Buzz batting - Pitching for Jersey City Tritons : RHP António Alomar
Batting: RHB Alejandro Herrera 0-0: Fly out, F9 (Flyball, 89M)
Batting: RHB Jung-hwan Kwon 0-0: Fly out, F8 (Flyball, 89D)
Batting: SHB Félix Medina 0-0: Called Strike
0-1: Ball
1-1: Called Strike
1-2: Ball
2-2: SINGLE (Groundball, 6MD)
Batting: LHB Tim Waters 0-0: Called Strike
0-1: Ball
1-1: Ground out 4-3 (Groundball, 4)
Top of the 5th over - 0 runs, 1 hit, 0 errors, 1 left on base; Salt Lake City 1 - Jersey City 5
BOTTOM OF THE 5TH
Jersey City Tritons batting - Pitching for Salt Lake City Buzz : RHP Caleb Sobieski
Batting: LHB Chia-ch'ing Dodman 0-0: Called Strike
0-1: Swinging Strike
0-2: SINGLE (Line Drive, 56D)
Batting: RHB Ju-chan Pak 0-0: Ball
1-0: SINGLE (Line Drive, 7S)
Chia-ch'ing Dodman to second
Batting: RHB Dave Yates 0-0: Ball
1-0: Foul Ball, location: 2F
1-1: Foul Ball, location: 2F
1-2: Ball
2-2: Fly out, F6 (Popup, 6D)
Batting: RHB Vincent Vega 0-0: Ball
1-0: Ball
2-0: Grounds into double play, 3-6-4 (Groundball, 34)
Bottom of the 5th over - 0 runs, 2 hits, 0 errors, 1 left on base; Salt Lake City 1 - Jersey City 5
TOP OF THE 6TH
Salt Lake City Buzz batting - Pitching for Jersey City Tritons : RHP António Alomar
Batting: LHB Yannick Hendriksen 0-0: Called Strike
0-1: Ball
1-1: Called Strike
1-2: Ball
2-2: Ball
3-2: SOLO HOME RUN (Flyball, 9D), Distance : 384 ft
Batting: LHB Roberto Soto 0-0: Fly out, F7 (Flyball, 78D)
Batting: RHB Vicente Cruz 0-0: Ball
1-0: Ball
2-0: Ball
3-0: Base on Balls
Batting: LHB Mike Gillespie 0-0: Ball
1-0: Ball
2-0: Swinging Strike
2-1: Swinging Strike
2-2: Strikes out swinging
Pitching: RHP Eddie Schmitt
Batting: RHB Ethan Miller 0-0: Called Strike
0-1: Called Strike
Vicente Cruz steals 2nd base
0-2: Strikes out swinging
Top of the 6th over - 1 run, 1 hit, 0 errors, 1 left on base; Salt Lake City 2 - Jersey City 5
BOTTOM OF THE 6TH
Jersey City Tritons batting - Pitching for Salt Lake City Buzz : RHP Caleb Sobieski
Batting: SHB Ludovic Michel 0-0: Called Strike
0-1: Fly out, F4 (Line Drive, 4)
Batting: LHB Munemori Ohara 0-0: Ball
1-0: SINGLE (Groundball, 34D)
Batting: RHB Edgar Baeza 0-0: Called Strike
0-1: Called Strike
Munemori Ohara steals 2nd base
0-2: Ball
1-2: Fly out, F4 (Popup, 4S)
Batting: LHB Dana Waldrip 0-0: Foul Ball, location: 2F
0-1: Ball
1-1: Ground out 3-1 (Groundball, 23)
Bottom of the 6th over - 0 runs, 1 hit, 0 errors, 1 left on base; Salt Lake City 2 - Jersey City 5
TOP OF THE 7TH
Salt Lake City Buzz batting - Pitching for Jersey City Tritons : RHP Eddie Schmitt
Batting: RHB Alejandro Herrera 0-0: Ball
1-0: Ball
2-0: Foul Ball, location: 2F
2-1: Ball
3-1: Foul Ball, location: 2F
3-2: Strikes out swinging
Batting: RHB Jung-hwan Kwon 0-0: Fly out, F8 (Flyball, 8LS)
Batting: SHB Félix Medina 0-0: Ball
1-0: Ball
2-0: Called Strike
2-1: Foul Ball, location: 2F
2-2: Fly out, F8 (Flyball, 78S)
Top of the 7th over - 0 runs, 0 hits, 0 errors, 0 left on base; Salt Lake City 2 - Jersey City 5
BOTTOM OF THE 7TH
Jersey City Tritons batting - Pitching for Salt Lake City Buzz : RHP Caleb Sobieski
Batting: RHB Zahid Kashani 0-0: Foul Ball, location: 2F
0-1: Fly out, F5 (Line Drive, 56)
Batting: LHB Chia-ch'ing Dodman 0-0: SINGLE (Flyball, 89M)
Batting: RHB Ju-chan Pak 0-0: Ball
1-0: Called Strike
1-1: Foul Ball, location: 2F
1-2: Ball
2-2: Ball
3-2: Fly out, F7 (Flyball, 78D)
Pitching: RHP Barry Jones
Batting: RHB Dave Yates 0-0: Ball
Chia-ch'ing Dodman steals 2nd base
1-0: Foul Ball, location: 2F
1-1: Ball
2-1: Foul Ball, location: 2F
2-2: Ball
3-2: Base on Balls
Batting: RHB Vincent Vega 0-0: Ball
1-0: Foul Ball, location: 2F
1-1: Ball
2-1: Fielders Choice at 2nd, 5-4 (Groundball, 56)
Bottom of the 7th over - 0 runs, 1 hit, 0 errors, 2 left on base; Salt Lake City 2 - Jersey City 5
TOP OF THE 8TH
Salt Lake City Buzz batting - Pitching for Jersey City Tritons : RHP Eddie Schmitt
Now at 2B: Gabriel Guerrero
Batting: LHB Tim Waters 0-0: Ball
1-0: Foul Ball, location: 2F
1-1: Foul Ball, location: 2F
1-2: Ball
2-2: Foul Ball, location: 2F
2-2: SOLO HOME RUN (Flyball, 9LD), Distance : 357 ft
Batting: LHB Yannick Hendriksen 0-0: Called Strike
0-1: Ball
1-1: Foul Ball, location: 2F
1-2: Ball
2-2: Foul Ball, location: 2F
2-2: Strikes out swinging
Batting: LHB Roberto Soto 0-0: Fly out, F8 (Flyball, 78S)
Batting: RHB Vicente Cruz 0-0: Swinging Strike
0-1: Ball
1-1: Ball
2-1: Ball
3-1: Base on Balls
Batting: LHB Mike Gillespie 0-0: Foul Ball, location: 2F
0-1: Ball
1-1: Foul Ball, location: 2F
1-2: Ball
2-2: Foul Ball, location: 2F
2-2: Ball
3-2: Strikes out swinging
Top of the 8th over - 1 run, 1 hit, 0 errors, 1 left on base; Salt Lake City 3 - Jersey City 5
BOTTOM OF THE 8TH
Jersey City Tritons batting - Pitching for Salt Lake City Buzz : RHP Barry Jones
Batting: SHB Ludovic Michel 0-0: Called Strike
0-1: DOUBLE (Groundball, 5L)
Batting: LHB Munemori Ohara 0-0: Intentional Walk
Batting: RHB Edgar Baeza 0-0: Called Strike
0-1: Ball
1-1: Foul Ball, location: 2F
1-2: Ball
2-2: Ball
3-2: Fly out, F7 (Flyball, 78D)
Batting: LHB Dana Waldrip 0-0: Foul Ball, location: 2F
0-1: Ball
1-1: Foul Ball, location: 2F
1-2: Strikes out swinging
Batting: RHB Zahid Kashani 0-0: Called Strike
0-1: Ball
1-1: Ball
2-1: Foul Ball, location: 2F
2-2: Ball
3-2: Foul Ball, location: 2F
3-2: Base on Balls
Ludovic Michel to third
Munemori Ohara to second
Batting: LHB Chia-ch'ing Dodman 0-0: Ball
1-0: SINGLE (Line Drive, 89S)
Ludovic Michel scores
Munemori Ohara to third
Zahid Kashani to second
Runner from 3rd tries for Home, SAFE, no throw
Pitching: LHP Léonard Moreau
Batting: RHB Ju-chan Pak 0-0: Called Strike
0-1: Swinging Strike
0-2: Ball
1-2: DOUBLE (Flyball, 78XD)
Zahid Kashani scores
Chia-ch'ing Dodman to third
Runner from 3rd tries for Home, SAFE, no throw
Batting: RHB Dave Yates 0-0: SINGLE (Groundball, 34D)
Ju-chan Pak to third
Batting: RHB Gabriel Guerrero 0-0: Swinging Strike
0-1: Ball
1-1: Fly out, F8 (Line Drive, 89D)
Bottom of the 8th over - 4 runs, 4 hits, 0 errors, 2 left on base; Salt Lake City 3 - Jersey City 9
TOP OF THE 9TH
Salt Lake City Buzz batting - Pitching for Jersey City Tritons : RHP Eddie Schmitt
Now at 3B: Vince Barrowcliff
Now at SS: Júlio Vargas
Batting: RHB Ethan Miller 0-0: Ball
1-0: Ball
2-0: Ball
3-0: Called Strike
3-1: Swinging Strike
3-2: Base on Balls
Batting: RHB Alejandro Herrera 0-0: Called Strike
0-1: Swinging Strike
0-2: Ball
1-2: Foul Ball, location: 2F
1-2: Foul Ball, location: 2F
1-2: Ball
2-2: SINGLE (Line Drive, 89M)
Ethan Miller to second
Batting: RHB Jung-hwan Kwon 0-0: Ball
1-0: Fly out, F6 (Line Drive, 6)
Batting: SHB Félix Medina 0-0: Called Strike
0-1: Ball
1-1: Ball
2-1: Ball
3-1: Fly out, F8 (Line Drive, 89XD)
Runner from 2nd tags up, SAFE at 3rd, no throw
Batting: LHB Tim Waters 0-0: Ball
1-0: Ball
2-0: Called Strike
2-1: Swinging Strike
2-2: Ball
3-2: Strikes out swinging
Top of the 9th over - 0 runs, 1 hit, 0 errors, 2 left on base; Salt Lake City 3 - Jersey City 9
Tuesday, December 19th, 2017 - OOTP Baseball 18.8 Build 76